 Dungeon Crawl Stone Soup version 0.30-a0-140-gd1020e658a (webtiles) character file.

Game seed: 5238176717158882929

32 qw the Chopper (level 3, -2/23 HPs)
             Began as a Gargoyle Fighter on Sept 24, 2022.
             Slain by a jackal (3 damage)
             ... on level 3 of the Dungeon.
             The game lasted 00:00:27 (1366 turns).

qw the Chopper (Gargoyle Fighter)                   Turns: 1366, Time: 00:00:27

Health: -2/23      AC: 13    Str: 21    XL:     3   Next: 27%
Magic:  3/3        EV:  9    Int:  8    God:
Gold:   75         SH:  4    Dex:  9    Spells: 2/2 levels left

rFire   . . .      SeeInvis .    Y - +1 war axe (vorpal)
rCold   . . .      Faith    .    c - +0 buckler
rNeg    + . .      Spirit   .    b - +0 scale mail
rPois   inf        Reflect  .    e - +1 helmet
rElec   +          Harm     .    a - +0 cloak
rCorr   .          Rampage  .    (no gloves)
Will    .....                    (no boots)
Stlth   ..........               (no amulet)
HPRegen 0.07/turn                (no ring)
MPRegen 0.08/turn                (no ring)

@: no status effects
A: sickness immunity, AC +3, negative energy resistance 1, electricity
resistance, torment resistance 1, petrification resistance
a: no special abilities


You were on level 3 of the Dungeon.
You visited 1 branch of the dungeon, and saw 3 of its levels.

You collected 75 gold pieces.


Innate Abilities, Weirdness & Mutations

You are immune to sickness and miasma.
Your stone body is resilient. (AC +3)
You are immune to poison.
You resist negative energy. (rN+)
You are resistant to electric shocks. (rElec)
You are resistant to unholy torment.
You are immune to petrification.


   Skills:
 - Level 3.2 Fighting
 + Level 3.3 Axes
 - Level 3.2 Armour
 - Level 3.2 Shields


You had 2 spell levels left.
You didn't know any spells.
Your spell library was empty.

Inventory:

Hand Weapons
 g - a +0 whip
 Y - a +1 vorpal war axe (weapon)
Armour
 a - a +0 cloak (worn)
 b - a +0 scale mail (worn)
 c - a +0 buckler (worn)
 e - a +1 helmet (worn)
Scrolls
 k - a scroll of magic mapping {unknown}
 n - a scroll of noise {unknown}
Potions
 d - a potion of might
 f - a potion of curing
 i - a potion of berserk rage {unknown}
 j - a potion of mutation {unknown}
 l - a potion of heal wounds {unknown}
 m - a potion of magic {unknown}

Dungeon Overview and Level Annotations

Branches:
Dungeon (3/15)

Altars:


Message History

You block the giant cockroach's attack.
You hit the giant cockroach but do no damage.
The giant cockroach closely misses you.
The giant cockroach bites you but does no damage.
You slash the giant cockroach!
You kill the giant cockroach!
n - a scroll labelled FYSEXI ACSAECW A ball python comes into view.
The ball python hisses angrily.
You hear a shout!
An ogre comes into view. It is wielding a +0 giant club.
Enter note: You hit the ball python.
You kill the ball python!
You barely miss the ogre. The ogre barely misses you.
You barely miss the ogre. The ogre hits you with a +0 giant club!
You hit the ogre.
The ogre is lightly wounded.
You block the ogre's attack.
You hit the ogre.
The ogre is lightly wounded.
The ogre hits you with a +0 giant club!
1363 ||| READING scroll of teleportation.
As you read the scroll of teleportation, it crumbles to dust.
You feel strangely unstable.
You slash the ogre!
The ogre is severely wounded.
You block the ogre's attack.
You hit the ogre but do no damage.
The ogre is severely wounded.
Your surroundings suddenly seem different. 2 jackals and an adder come into view.
Found a plate armour.
The jackal barks!
The adder hisses angrily.
You hear an angry hiss.
An adder comes into view.
Enter note: You miss the jackal.
You hit the jackal but do no damage. The jackal bites you.
The jackal barely misses you. The jackal bites you.
You die...

....#........#
....#.....[..#
#............#
...........#
..........#
#........#
#........##
#@h......
#h.......
#........
.........
.....SS..
..........
...#......
....#......


You could see 2 adders and 2 jackals.

Vanquished Creatures
  A worm (D:2)
  A dart slug (D:2)
  2 bats (D:2)
  An endoplasm (D:3)
  A giant cockroach (D:3)
  2 goblins (D:2)
  2 jackals (D:2)
  3 kobolds
  2 quokkas (D:1)
  4 ball pythons
  2 frilled lizards (D:2)
  5 rats (D:2)
26 creatures vanquished.

Notes
Turn   | Place    | Note
-------+----------+-------------------------------------------
     0 | D:1      | qw the Gargoyle Fighter began the quest for the Orb.
     0 | D:1      | Reached XP level 1. HP: 14/14 MP: 1/1
     0 | D:1      | 0 ||| qw: Version: 0.1.0-9-gbc19398
     0 | D:1      | 0 ||| qw: Game counter: 32
     0 | D:1      | 0 ||| qw: Always use a shield: true
     0 | D:1      | 0 ||| qw: God list: Okawaru
     0 | D:1      | 0 ||| qw: Allow faded altars: false
     0 | D:1      | 0 ||| qw: Do Orc after D:15 true
     0 | D:1      | 0 ||| qw: Do second Lair branch before Depths: true
     0 | D:1      | 0 ||| qw: Lair rune preference: random
     0 | D:1      | 0 ||| qw: Plans: Normal, Zot:1-4, God:TSO, Crypt, Tomb,
                  | Pan, Slime:5, Hells, Abyss, Orb
     0 | D:1      | 0 ||| PLANNING D:1-11
   225 | D:1      | Found a faded altar of an unknown god.
   534 | D:1      | Reached XP level 2. HP: 19/19 MP: 2/2
   594 | D:1      | 594 ||| UPGRADING to +1 helmet.
   599 | D:1      | 599 ||| DROPPING ring of magical power.
   600 | D:1      | 600 ||| READING scroll labelled EQEGOU KYERO.
   601 | D:1      | 601 ||| READING scroll labelled XILEME ZOIHUTI.
   602 | D:1      | 602 ||| DROPPING +0 club.
   638 | D:2      | 638 ||| READING scroll of brand weapon.
   638 | D:2      | 638 ||| BRANDING +1 war axe of flaming.
   680 | D:2      | 680 ||| READING scroll of brand weapon.
   680 | D:2      | 680 ||| BRANDING +1 war axe of venom.
   787 | D:2      | 787 ||| FLEEEEING.
   792 | D:2      | 792 ||| FLEEEEING.
   896 | D:2      | Reached skill level 3 in Axes
   977 | D:2      | Reached XP level 3. HP: 23/23 MP: 3/3
  1198 | D:2      | 1198 ||| Stepping ~*~*~tactically~*~*~ (stealth).
  1199 | D:2      | 1199 ||| Stepping ~*~*~tactically~*~*~ (stealth).
  1273 | D:2      | 1273 ||| UPGRADING to +0 cloak.
  1278 | D:2      | 1278 ||| READING 2 scrolls labelled LUHOWUMEXA.
  1283 | D:2      | 1283 ||| READING scroll labelled WESCHO BEVISOUNK.
  1284 | D:2      | 1284 ||| DRINKING 2 yellow potions.
  1355 | D:3      | Noticed an ogre
  1362 | D:3      | HP: 3/23 [ogre/+0 giant club (10)]
  1363 | D:3      | 1363 ||| READING scroll of teleportation.
  1366 | D:3      | HP: 1/23 [jackal (2)]
  1366 | D:3      | Slain by a jackal

Levels and vault maps discovered:
D:1:      grunt_arrival_crossed_arrows, layout_basic,
          ebering_ecumenical_altar_abandoned
D:2:      layout_basic, minmay_box_of_dots
D:3:      layout_basic

Skill      XL: |  1  2 |
---------------+-------+-----
Axes           | 2 3 |  3.3
Fighting       | |  3.2
Armour         | |  3.2
Shields        | |  3.2

Action                   || total
-------------------------++-------
Melee: War axe           ||    60
  Use: Scroll            ||     7
       Potion            ||     1
Armor: Scale mail        ||    22
Dodge: Dodged            ||    38
Block: Buckler           ||    10

Table legend:
 A = Non-vault XP
 B = Vault XP
 C = Vault XP percentage of total XP
 D = Non-vault monster count
 E = Vault monster count
 F = Vault count percentage of total count
                 A         B        C        D         E       F
            +---------+---------+-------+---------+---------+-------
      Total |      38 |       9 |  19.1 |      23 |       3 |  11.5
            +---------+---------+-------+---------+---------+-------
        D:1 |      10 |       0 |   0.0 |       6 |       0 |   0.0
        D:2 |      23 |       9 |  28.1 |      14 |       3 |  17.6
        D:3 |       5 |       0 |   0.0 |       3 |       0 |   0.0
            +---------+---------+-------+---------+---------+-------
